 Dungeon Crawl Stone Soup version 0.29.1-15-g9cfb28693d (webtiles) character file.

Game seed: 1631016198408577093

281 promet the Poker (level 6, -1/49 HPs)
             Began as a Merfolk Monk on Mar 8, 2023.
             Frozen to death by an endoplasm (5 damage)
             ... on level 4 of the Dungeon.
             The game lasted 00:18:11 (4206 turns).

promet the Poker (Merfolk Monk)                     Turns: 4206, Time: 00:18:12

Health: -1/49      AC: 10    Str: 14    XL:     6   Next: 27%
Magic:  6/6        EV:  6    Int:  9    God:
Gold:   176        SH:  8    Dex: 16    Spells: 5/5 levels left

rFire   . . .      SeeInvis .   a - +0 spear
rCold   . . .      Faith    .   n - +0 kite shield
rNeg    . . .      Spirit   .   c - +0 chain mail
rPois   .          Reflect  .   (no helmet)
rElec   .          Harm     .   (no cloak)
rCorr   .          Rampage  .   i - +0 pair of gloves
Will    .....                   (no boots)
Stlth   ..........              (no amulet)
HPRegen 0.16/turn               (no ring)
MPRegen 0.10/turn               (no ring)

@: no status effects
A: (nimble swimmer 2), mertail
a: no special abilities


You were on level 4 of the Dungeon.
You visited 1 branch of the dungeon, and saw 4 of its levels.

You collected 176 gold pieces.

Inventory:

Hand Weapons
 a - a +0 spear (weapon)
 b - the +0 sling of the Toadstool {flame, rF++ rN+}
   (You found it on level 4 of the Dungeon)

   Any ammunition fired from it burns those it strikes, dealing additional fire
   damage.
   rF:        It greatly protects you from fire.
   rN:        It protects you from negative energy.
Missiles
 d - 18 stones (quivered)
 m - 5 datura-tipped darts
Armour
 c - a +0 chain mail (worn)
 g - the +3 crystal plate armour "Vauwuiza" {Rampage}
   (You acquired it on level 1 of the Dungeon)

   Rampage:   It bestows one free step when moving towards enemies.
 i - a +0 pair of gloves (worn)
 n - a +0 kite shield (worn)
Jewellery
 h - a ring of protection from fire
Wands
 p - a wand of mindburst (13)
Scrolls
 e - 3 scrolls of fog
 j - 3 scrolls of identify
Potions
 f - a potion of attraction
 l - a potion of heal wounds {unknown}
 o - a potion of mutation {unknown}


   Skills:
 * Level 4.3 Fighting
 + Level 5.7 Polearms
 * Level 2.4 Armour
 + Level 4.9 Dodging
 + Level 2.2 Stealth
 + Level 1.1 Shields


You had 5 spell levels left.
You didn't know any spells.
Your spell library contained the following spells:

 Spells                   Type           Power      Damage    Failure   Level
 Ensorcelled Hibernation  Hex/Ice        0%         N/A       100%        2
 Passwall                 Tmut/Erth      0%         N/A       100%        2
 Swiftness                Air            0%         N/A       100%        3


Dungeon Overview and Level Annotations

Branches:
Dungeon (4/15)
 Temple: D:4-7

Altars:
Ashenzari
Trog


Innate Abilities, Weirdness & Mutations

((You are very nimble when in or above water. (Stealth+, EV+, Speed+++)))
Your lower body shifts to a powerful aquatic tail in water.


Message History

You bump into the rock wall.
You feel less confused. Something hits you.
* * * LOW HITPOINT WARNING * * *
The hound bites you but does no damage. The adder bites you but does no damage.
As you read the scroll of teleportation, it crumbles to dust.
You feel strangely unstable. You block the hound's attack. Something hits you.
* * * LOW HITPOINT WARNING * * *
The adder bites you.
* * * LOW HITPOINT WARNING * * *
You are poisoned.
The adder poisons you! You block the hound's attack.
You feel sick. The adder bites you but does no damage.
You block the hound's attack.
The jelly jiggles.
You feel sick. You block the hound's attack. You block something's attack.
The hound bites you but does no damage. The adder bites you.
* * * LOW HITPOINT WARNING * * *
The adder attacks as you move away! The adder closely misses you.
You feel sick. You block the hound's attack.
The hound attacks as you move away! You block the hound's attack.
Your surroundings suddenly seem different.
You feel sick.
You feel sick.
You are no longer poisoned.
An endoplasm comes into view.
The endoplasm quivers.
An endoplasm comes into view.
The orc shouts!
The endoplasm quivers.
You hear a shout!
The endoplasm freezes you.
You are frozen.
* * * LOW HITPOINT WARNING * * *
There is a stone staircase leading up here.
You hit the endoplasm.
The endoplasm is lightly wounded.
The endoplasm freezes you.
You are frozen.
You die...

###..##..##..##...........#
.....#....................#
......).......#...........#
.....#........#...........#
###..##..##..##...........#
.######..##..##...........#
..........+...............#
..........#....J..........#
......S.h.#!....@รท..?.....#
###..##..##..##...........#
###..##J.##..##...........#
..............#...........#
..............#...........
###..##..##...#.o.........
#.###.## ...#.J........ ...
... ..#......... .. ... ##


You could see an orc and 2 endoplasms.

Vanquished Creatures
  2 iguanas (D:4)
  4 orc wizards
  3 adders
  An ufetubus (D:4)
  A worm (D:3)
  4 dart slugs
  10 orcs
  3 bats
  8 endoplasms
  2 giant cockroaches
  2 goblins
  4 hobgoblins
  2 jackals (D:1)
  6 kobolds
  14 ball pythons
  5 frilled lizards
  17 rats
88 creatures vanquished.

Vanquished Creatures (collateral kills)
  A bat (D:1)
1 creature vanquished.

Vanquished Creatures (others)
  A plant (D:3)
1 creature vanquished.

Grand Total: 90 creatures vanquished

Notes
Turn   | Place    | Note
-------+----------+-------------------------------------------
     0 | D:1      | promet the Merfolk Monk began the quest for the Orb.
     0 | D:1      | Reached XP level 1. HP: 18/18 MP: 1/1
    88 | D:1      | Reached XP level 2. HP: 18/24 MP: 2/2
   428 | D:1      | Identified a scroll of acquirement
   428 | D:1      | Acquired the +3 crystal plate armour "Vauwuiza" {Rampage}
   490 | D:1      | Found a faded altar of an unknown god.
   535 | D:1      | Reached XP level 3. HP: 29/29 MP: 3/3
   763 | D:2      | Reached XP level 4. HP: 32/37 MP: 4/4
   984 | D:2      | Reached skill level 5 in Polearms
  1535 | D:2      | Found a bloodstained altar of Trog.
  1572 | D:2      | Reached skill level 1 in Armour
  2009 | D:3      | Found a broken altar of Ashenzari.
  2126 | D:3      | Reached XP level 5. HP: 33/42 MP: 5/5
  3073 | D:4      | Identified the +0 sling of the Toadstool {flame, rF++ rN+}
  3284 | D:4      | Reached XP level 6. HP: 11/48 MP: 6/6
  4135 | D:4      | Reached skill level 1 in Shields
  4206 | D:4      | Frozen to death by an endoplasm

Illustrated notes

Levels and vault maps discovered:
D:1:      scummos_arrival_hexagon, layout_rooms, basic_ecumenical_altar,
          minmay_tromino_v7
D:2:      minmay_evil_eye, layout_basic, basic_altar, nrook_mini_vaults,
          chequers_serial_rivers_micro_b, minmay_rat_gold_closets
D:3:      layout_loops_ring, lemuel_crystal_altar, minmay_strange_pillars,
          serial_bayou_pond_d, kennysheep_nondescript
D:4:      layout_gridville

Skill      XL: |  1  2  3  4  5  6 |
---------------+-------------------+-----
Polearms       | 5 |  5.7
Armour         | 1 2 |  2.4
Fighting       | 4 |  4.3
Shields        | 1 |  1.1
Dodging        | |  4.9
Stealth        | |  2.2

Action                   |  1- 3 |  4- 6 || total
-------------------------+-------+-------++-------
Melee: Spear             |   105 |   370 ||   475
       Punch             |       |     2 ||     2
Throw: Stone             |     4 |     7 ||    11
  Use: Scroll            |     3 |     4 ||     7
       Potion            |       |     4 ||     4
Armor: Robe              |     9 |       ||     9
       Crystal plate arm |    49 |   232 ||   281
       Chain mail        |       |    34 ||    34
Dodge: Dodged            |    40 |    23 ||    63
Block: Kite shield       |       |    57 ||    57
